Cogmind - Beta 13 @@@ ROGUE MODE // 2024.05.03 @ 13:01:04 Player: A Foxgirl OwO Result: Destroyed by P-70 Sage with High-powered Shock Rifle Performance ------------- Evolutions (5) 2500 Regions Visited (12) 2400 Robots Destroyed (61) 305 Value Destroyed (2120) 2120 Prototype IDs (32) 640 Alien Tech Used (0) 0 Bonus (614) 614 TOTAL SCORE: 8579 Bonus ------- Follower Combat Kills 314 Aligned with FarCom 300 Cogmind --------- Core Integrity 0/1000 Matter 62/300 Energy 99/100 System Corruption 12% Temperature Cool (0) Movement Core (50) Location -5/Factory Parts ------- > --- POWER (2) -------- (None) > --- PROPULSION (4) --- (None) > --- UTILITY (9) ------ (None) > --- WEAPON (2) ------- (None) > --- INVENTORY (5) ---- Hybrid Fission Core Nuclear Pulse Thruster Advanced ECM Suite Improved Hardlight Generator Peak State ------------ > --- POWER ------------ Light Angular Momentum Engine Hybrid Fission Core > --- PROPULSION ------- Flying Fortress v7 > --- UTILITY ---------- Improved Cooling System Small Storage Unit Advanced Sensor Array Advanced Terrain Scan Processor Improved Hardlight Generator Hacking Suite System Shield Improved System Shield Improved Field Recycling Unit > --- WEAPON ----------- Compact Ion Cannon > --- INVENTORY -------- Light Angular Momentum Engine Cooled VTOL Module Cooled VTOL Module Nuclear Pulse Thruster Improved Hardlight Generator Long-range Missile Launcher [Rating: 85] Favorites ----------- Power Light Ion Engine Engine Light Ion Engine Power Core Micro Nuclear Core Propulsion Wheel Treads Advanced Treads Leg Aluminum Leg Wheel Wheel Flight Unit Flying Fortress v7 Utility Small Storage Unit Device Improved Cooling System Storage Small Storage Unit Processor Advanced Terrain Scan Processor Hackware System Shield Protection Insulated Plating Weapon Powered Hammer Energy Gun Small Laser Energy Cannon Ion Cannon Ballistic Gun Light Assault Rifle Launcher Heavy Rocket Launcher Impact Weapon Powered Hammer Slashing Weapon Chainsword Build | -11 -10 -10 -10 -9 -8 -7 -7 -7 -6 -6 -6 -5 ------- Run | Yrd Mat Min Exi Min Mat Fac Low Low Fac Ext Cet Fac Slots Evolved 10 | . . . . . 4 2 . . 2 . . 2 Power 1 | . . . . . . 1 . . . . . . Propulsion 2 | . . . . . 2 . . . . . . . Utility 7 | . . . . . 2 1 . . 2 . . 2 Weapon . | . . . . . . . . . . . . . Parts Attached 100 | 7 9 . . . 35 12 1 1 19 5 . 11 Power 18 | 1 1 . . . 4 4 . . 3 3 . 2 Engine 13 | 1 1 . . . 3 1 . . 3 3 . 1 Core 5 | . . . . . 1 3 . . . . . 1 Reactor . | . . . . . . . . . . . . . Propulsion 22 | 2 4 . . . 10 2 . . 1 . . 3 Treads 5 | 2 . . . . 3 . . . . . . . Leg 3 | . . . . . 3 . . . . . . . Wheel 10 | . 4 . . . 4 2 . . . . . . Hover . | . . . . . . . . . . . . . Flight 4 | . . . . . . . . . 1 . . 3 Utility 38 | 2 2 . . . 13 5 . . 10 1 . 5 Device 21 | 1 1 . . . 6 4 . . 5 1 . 3 Storage 7 | 1 1 . . . 4 . . . . . . 1 Processor 2 | . . . . . 1 . . . 1 . . . Hackware 4 | . . . . . . 1 . . 2 . . 1 Protection 4 | . . . . . 2 . . . 2 . . . Artifact . | . . . . . . . . . . . . . Weapon 22 | 2 2 . . . 8 1 1 1 5 1 . 1 Energy Gun 5 | . 2 . . . 1 . . . 2 . . . Energy Cannon 5 | . . . . . 3 . . . 1 1 . . Ballistic Gun 3 | 2 . . . . . . . 1 . . . . Ballistic Cannon . | . . . . . . . . . . . . . Launcher 4 | . . . . . 1 . 1 . 1 . . 1 Special Weapon . | . . . . . . . . . . . . . Impact Weapon 4 | . . . . . 3 1 . . . . . . Slashing Weapon 1 | . . . . . . . . . 1 . . . Piercing Weapon . | . . . . . . . . . . . . . Special Melee Weapon . | . . . . . . . . . . . . . Unidentified Prototypes 2 | . . . . . . . . . 1 . . 1 Parts Lost 25 | . 1 1 . . 5 2 . . 9 1 . 6 Power 4 | . . . . . 1 . . . 1 . . 2 Propulsion 7 | . . 1 . . 2 1 . . 2 . . 1 Utility 9 | . 1 . . . 1 1 . . 3 1 . 2 Weapon 5 | . . . . . 1 . . . 3 . . 1 Highest Loss Streak 5 | . 1 1 . . 3 1 . . 3 1 . 5 To Critical Strikes . | . . . . . . . . . . . . . Average Slot Usage (%) 86 | . 99 85 85 85 95 91 84 84 68 73 73 60 Engine 9 | . 14 14 14 14 8 6 . . 7 13 13 7 Core 1 | . . . . . . 3 15 15 . . . 1 Treads 2 | . . . . . 7 4 . . . . . . Leg 5 | . . . . . 15 4 . . . . . . Wheel 12 | . 27 14 14 14 11 16 15 15 5 . . . Flight 1 | . . . . . . . . . 3 6 6 4 Device 16 | . 13 14 14 14 14 21 23 23 15 13 13 15 Storage 8 | . 14 14 14 14 9 7 7 7 6 6 6 4 Processor 1 | . . . . . 3 . . . 1 6 6 4 Hackware 3 | . . . . . . 2 7 7 8 13 13 11 Protection 3 | . . . . . 4 5 . . 5 6 6 . Energy Gun 6 | . 10 28 28 28 6 . . . 1 . . . Energy Cannon 3 | . . . . . 4 7 5 . 1 6 6 4 Ballistic Gun 2 | . 17 . . . . . . 4 . . . . Impact Weapon 4 | . . . . . 6 7 7 7 5 . . . Naked Turns 42 | . . . . . . . . . . . . 42 Heaviest Build 91 | 13 88 88 88 88 91 37 35 35 44 53 49 53 Greatest Support 56 | 40 40 10 10 10 35 56 56 56 56 50 50 50 Greatest Overweight (x) 8 | . 4 8 8 8 8 1 . . 8 1 . 1 Average Overweight (x) 1 | . 3 8 8 8 2 . . . . . . . Largest Inventory Capacity 25 | 8 25 25 25 25 25 8 8 8 8 8 8 8 Average Capacity 13 | 7 24 25 25 25 15 8 8 8 8 8 8 7 Most Carried 23 | 6 14 15 19 19 23 8 8 8 8 8 8 8 Average Carried 9 | 4 11 14 17 19 12 7 7 8 4 7 8 5 Final Capacity 25 | 8 25 25 25 25 8 8 8 8 8 8 8 5 Final Carried 19 | 6 14 15 19 19 8 8 8 8 8 8 8 4 Class Distribution -------------------- 44% | Mutant 36% | Assassin 8% | Hacker-Scout 4% | Hacker-Mutant 3% | Skirmisher Dominant Class ---------------- Mutant | -10/Materials Mutant | -10/Mines Mutant | -10/Exiles Mutant | -9/Mines Assassin | -8/Materials Assassin | -7/Factory Mutant | -7/Lower Caves Mutant | -7/Lower Caves Mutant | -6/Factory Hacker-Scout | -6/Extension Hacker-Mutant | -6/Cetus Hacker-Mutant | -5/Factory Resources | -11 -10 -10 -10 -9 -8 -7 -7 -7 -6 -6 -6 -5 ----------- Run | Yrd Mat Min Exi Min Mat Fac Low Low Fac Ext Cet Fac Matter Collected 1413 | 256 196 . . . 398 90 116 13 267 77 . . Remotely . | . . . . . . . . . . . . . Salvage Created 2093 | 47 291 94 . . 612 246 133 . 303 142 . 225 Parts 115 | 6 19 3 . . 35 4 7 . 21 6 . 14 Haulers Intercepted . | . . . . . . . . . . . . . Recyclers Shooed . | . . . . . . . . . . . . . Parts Field Recycled . | . . . . . . . . . . . . . Retrieved Matter . | . . . . . . . . . . . . . Parts Self-Destructed 3 | . . . . . . . 3 . . . . . Prevented . | . . . . . . . . . . . . . Kills | -11 -10 -10 -10 -9 -8 -7 -7 -7 -6 -6 -6 -5 ------- Run | Yrd Mat Min Exi Min Mat Fac Low Low Fac Ext Cet Fac Combat Hostiles Destroyed 49 | . 7 2 . . 15 4 8 . 7 2 . 4 Melee 1 | . . . . . . . . . 1 . . . Guns 17 | . 7 2 . . 5 . . . 3 . . . Cannons 14 | . . . . . 7 4 . . 2 1 . . AOE 12 | . . . . . . . 8 . . . . 4 Classes Destroyed 11 | 1 4 . . . 3 . . . 2 . . 1 Worker 5 | . 1 . . . 1 . . . 2 . . 1 Tunneler 2 | 2 . . . . . . . . . . . . Recycler 2 | . . . . . 1 . . . . . . 1 Watcher 3 | . 2 . . . . 1 . . . . . . Swarmer 14 | . 3 . . . 7 . 4 . . . . . Cutter 1 | . . . . . . . . . 1 . . . Grunt 18 | . 4 2 . . 4 3 4 . . 1 . . Duelist 1 | . . . . . 1 . . . . . . . Sentry 7 | . . . . . 3 . . . 3 1 . . Hunter 2 | . . . . . . . . . . . . 2 Programmer 5 | . . . . . . . . . 3 . . 2 Thug 1 | . . . . . . 1 . . . . . . Best Kill Streak 6 | 1 5 2 . . 4 3 4 . 2 1 . 6 Combat Bots Only 4 | . 4 2 . . 4 3 4 . 2 1 . 4 Max Kills in Single Turn 3 | 1 1 1 . . 1 1 3 . 1 1 . 2 Gunslinging . | . . . . . . . . . . . . . Exploded 3 | . . . . . . . 3 . . . . 1 Melee 1 | . . . . . . . . . 1 . . . Uniques/NPCs Destroyed . | . . . . . . . . . . . . . Combat | -11 -10 -10 -10 -9 -8 -7 -7 -7 -6 -6 -6 -5 -------- Run | Yrd Mat Min Exi Min Mat Fac Low Low Fac Ext Cet Fac Hostile Shots Fired 606 | . 42 11 . . 119 48 22 . 177 29 3 155 Missed 210 | . 9 4 . . 30 14 10 . 68 13 1 61 Damage Taken 6183 | . 372 80 . . 1370 477 176 25 1308 263 37 2075 Core 1493 | . 78 11 . . 164 49 . . 161 10 15 1005 Absorbed by Shields 301 | . . . . . . 77 70 9 47 80 12 6 Redirected to Shielding 55 | . . . . . . . . . 55 . . . Regen/Repaired (Parts) 234 | . . . . . 108 10 . . . . . 116 Core Remaining (%) 81 | 100 . . . 64 70 . . 93 . . 78 . Volleys Fired 189 | 8 43 7 . . 55 17 8 . 31 9 . 11 Largest 2 | 2 2 2 . . 2 1 1 . 1 1 . 1 Hottest 105 | 40 105 105 . . 100 60 39 . 90 90 . 90 Shots Fired 263 | 16 86 14 . . 70 16 8 1 31 10 . 11 Gun 152 | 16 86 14 . . 20 . . . 16 . . . Cannon 91 | . . . . . 50 16 . . 11 10 . 4 Launcher 20 | . . . . . . . 8 1 4 . . 7 Special . | . . . . . . . . . . . . . Kinetic 100 | 16 78 . . . . . . . 6 . . . Thermal 138 | . 8 14 . . 65 16 . . 21 10 . 4 Explosive 20 | . . . . . . . 8 1 4 . . 7 Electromagnetic 5 | . . . . . 5 . . . . . . . Robot Hit Streak 19 | 4 19 11 . . 8 3 3 . 9 7 . 6 Robot Miss Streak 5 | 3 5 2 . . 2 3 2 . 2 1 . 1 Penetration Max . | . . . . . . . . . . . . . Secondary Targets . | . . . . . . . . . . . . . Shots Hit Robots 182 | 9 52 10 . . 52 11 4 . 32 4 . 8 Core Hits 100 | 5 20 4 . . 22 6 12 . 15 2 . 14 Critical Kills 2 | . . . . . 1 . . . . 1 . . Critical Parts Destroyed 1 | . . . . . 1 . . . . . . . Critical Strikes 3 | . . . . . 2 . . . . 1 . . Meltdown 2 | . . . . . 1 . . . . 1 . . Smash 1 | . . . . . 1 . . . . . . . Melee Attacks 32 | . . . . . 12 1 . . 19 . . . Impact 29 | . . . . . 12 1 . . 16 . . . Slashing 3 | . . . . . . . . . 3 . . . Piercing . | . . . . . . . . . . . . . Sneak Attacks 2 | . . . . . . 1 . . 1 . . . Combat Hostiles . | . . . . . . . . . . . . . Follow-up Attacks 1 | . . . . . . . . . 1 . . . Damage Inflicted 4726 | 84 473 133 . . 909 283 781 . 1235 113 . 715 Guns 1205 | 84 473 133 . . 172 . . . 343 . . . Cannons 1269 | . . . . . 638 227 . . 192 113 . 99 Explosions 1664 | . . . . . . . 781 . 267 . . 616 Melee 588 | . . . . . 99 56 . . 433 . . . Ramming . | . . . . . . . . . . . . . Kinetic 570 | 84 398 . . . . . . . 88 . . . Thermal 1843 | . 75 133 . . 749 227 . . 447 113 . 99 Explosive 1664 | . . . . . . . 781 . 267 . . 616 Electromagnetic 61 | . . . . . 61 . . . . . . . Impact 548 | . . . . . 99 56 . . 393 . . . Slashing 40 | . . . . . . . . . 40 . . . Piercing . | . . . . . . . . . . . . . Highest Corruption 11 | . . . . . . 3 3 3 7 5 5 11 Average Corruption 3 | . . . . . . 3 3 3 3 5 5 6 Corruption Purged 5 | . . . . . . . . . 5 . . . Corruption Blocked . | . . . . . . . . . . . . . Effects 51 | . . . . . . 4 6 3 23 9 . 6 Message Errors 9 | . . . . . . . 2 . 5 2 . . Matter Fused 12 | . . . . . . 2 . 1 6 2 . 1 Heat Flow Errors 2 | . . . . . . 1 . . . . . 1 Energy Discharges 4 | . . . . . . . 1 . 3 . . . Parts Rejected 2 | . . . . . . . . . 1 . . 1 Parts Fused 1 | . . . . . . . . . 1 . . . Data Loss (minor) 8 | . . . . . . . 3 1 3 1 . . Data Loss (major) 2 | . . . . . . . . . . 1 . 1 Misfires 2 | . . . . . . . . 1 . 1 . . Alerts 6 | . . . . . . . . . 4 2 . . Misdirections 2 | . . . . . . . . . . . . 2 Weapon Failures 1 | . . . . . . 1 . . . . . . Overload Shots . | . . . . . . . . . . . . . Overflow Damage 211 | . . . . . 68 21 13 . 109 . . . Projectiles . | . . . . . . . . . . . . . Explosions 13 | . . . . . . . 13 . . . . . Melee 198 | . . . . . 68 21 . . 109 . . . Knockbacks 2 | . . . . . . 1 . . 1 . . . Impact 2 | . . . . . . 1 . . 1 . . . Kinetic . | . . . . . . . . . . . . . Secondary . | . . . . . . . . . . . . . Self-Inflicted Damage 153 | . . . . . . . 40 34 79 . . . Shots 5 | . . . . . . . 1 1 3 . . . Rammed . | . . . . . . . . . . . . . Targets Rammed . | . . . . . . . . . . . . . Kicked . | . . . . . . . . . . . . . Crushed . | . . . . . . . . . . . . . Highest Temperature 351 | . 18 66 . . 351 170 . . 273 127 . 137 Average Temperature 86 | . 8 38 . . 165 43 . . 58 52 . 51 Received Heat Transfer 1595 | . 132 45 . . 558 234 33 . 567 20 6 . Effects 5 | . . . . . 5 . . . . . . . Energy Bleed 2 | . . . . . 2 . . . . . . . Interference 2 | . . . . . 2 . . . . . . . Matter Decay 1 | . . . . . 1 . . . . . . . Siege Activations . | . . . . . . . . . . . . . Robots Corrupted . | . . . . . . . . . . . . . Combat Hostiles . | . . . . . . . . . . . . . Parts Fried 5 | . . . . . 3 1 . . 1 . . . Impact Corruptions 6 | . . . . . 2 1 . . 3 . . . Robots Melted 3 | . . . . . 2 . . . . 1 . . Combat Hostiles 3 | . . . . . 2 . . . . 1 . . Parts Melted 8 | . . 1 . . 2 . . . 3 2 . . Heat Transferred 3442 | . 186 298 . . 1582 370 . . 747 148 . 111 Parts Sabotaged . | . . . . . . . . . . . . . Parts Stolen . | . . . . . . . . . . . . . Parts Stripped . | . . . . . . . . . . . . . Power Chain Reactions . | . . . . . . . . . . . . . Alert | -11 -10 -10 -10 -9 -8 -7 -7 -7 -6 -6 -6 -5 ------- Run | Yrd Mat Min Exi Min Mat Fac Low Low Fac Ext Cet Fac Peak Influence 271 | 10 165 65 . . 211 211 . . 271 121 63 189 Initial 74 | . 6 25 . . . 74 . . 44 . 63 35 Average 65 | 3 70 63 . . 81 54 . . 61 30 63 71 Maximum Alert Level 1 | . . . . . 1 1 . . 1 . . . Low Security (%) 98 | 100 100 100 . 100 97 99 . . 93 100 100 100 Level 1 1 | . . . . . 2 . . . 6 . . . Level 2 . | . . . . . . . . . . . . . Level 3 . | . . . . . . . . . . . . . Level 4 . | . . . . . . . . . . . . . Level 5 . | . . . . . . . . . . . . . High Security . | . . . . . . . . . . . . . Max Security . | . . . . . . . . . . . . . Squads Dispatched 16 | . . . . . 2 4 . . 7 2 . 1 Investigation 6 | . . . . . 2 1 . . 2 1 . . Extermination 7 | . . . . . . 2 . . 4 . . 1 Reinforcement 3 | . . . . . . 1 . . 1 1 . . Assault . | . . . . . . . . . . . . . Garrison . | . . . . . . . . . . . . . Intercept . | . . . . . . . . . . . . . Searches Triggered . | . . . . . . . . . . . . . Construction Impeded . | . . . . . . . . . . . . . Haulers Reinforced . | . . . . . . . . . . . . . Active Scanning Responses . | . . . . . . . . . . . . . Cargo Convoy Interrupts . | . . . . . . . . . . . . . Stealth | -11 -10 -10 -10 -9 -8 -7 -7 -7 -6 -6 -6 -5 --------- Run | Yrd Mat Min Exi Min Mat Fac Low Low Fac Ext Cet Fac Distress Signals 4 | . . . . . 1 . . . . 1 1 1 Communications Jammed . | . . . . . . . . . . . . . Distress Signals . | . . . . . . . . . . . . . Times Spotted 112 | . 13 2 . . 23 15 8 . 14 16 4 17 Peak Tracking Total 10 | . 4 2 . . 6 6 4 . 3 9 5 10 Tactical Retreats 15 | . . . . . . 5 1 . 4 5 . . Traps | -11 -10 -10 -10 -9 -8 -7 -7 -7 -6 -6 -6 -5 ------- Run | Yrd Mat Min Exi Min Mat Fac Low Low Fac Ext Cet Fac Traps Triggered 12 | . . . . . 1 2 . . 4 4 . 1 Indirectly . | . . . . . . . . . . . . . Trap Hack Attempts . | . . . . . . . . . . . . . Triggered . | . . . . . . . . . . . . . Disarmed . | . . . . . . . . . . . . . Reprogrammed . | . . . . . . . . . . . . . Reused . | . . . . . . . . . . . . . Traps Extracted . | . . . . . . . . . . . . . Installed . | . . . . . . . . . . . . . Triggered 4 | . . . . . . . 2 2 . . . . Machines | -11 -10 -10 -10 -9 -8 -7 -7 -7 -6 -6 -6 -5 ---------- Run | Yrd Mat Min Exi Min Mat Fac Low Low Fac Ext Cet Fac Machines Disabled 9 | . . . . . 2 1 . . 5 . . 1 Max in Single Turn 3 | . . . . . 1 1 . . 3 . . 1 Garrison Access 2 | . . . . . 1 . . . 1 . . . Machines Repaired . | . . . . . . . . . . . . . Machines Dismantled . | . . . . . . . . . . . . . Machines Sabotaged . | . . . . . . . . . . . . . Overloaded Fab Kills . | . . . . . . . . . . . . . Hacking | -11 -10 -10 -10 -9 -8 -7 -7 -7 -6 -6 -6 -5 --------- Run | Yrd Mat Min Exi Min Mat Fac Low Low Fac Ext Cet Fac Machines Accessed 45 | . 6 . 1 . 13 6 . . 9 7 . 3 Terminals 25 | . 4 . . . 7 2 . . 4 7 . 1 Fabricators 1 | . . . . . . . . . 1 . . . Repair Stations 7 | . . . . . 2 2 . . 1 . . 2 Recycling Units 6 | . 2 . . . 2 1 . . 1 . . . Scanalyzers 3 | . . . . . 1 1 . . 1 . . . Garrison Access 2 | . . . . . 1 . . . 1 . . . Total Hacks 121 | . 15 . 1 . 31 12 . . 28 23 . 11 Successful 47 | . 7 . 1 . 14 5 . . 10 6 . 4 Failed 74 | . 8 . . . 17 7 . . 18 17 . 7 Catastrophic 17 | . 3 . . . 2 1 . . 5 3 . 3 Database Lockouts . | . . . . . . . . . . . . . Manual 35 | . 7 . 1 . 8 4 . . 9 3 . 3 Terminals 80 | . 13 . . . 18 5 . . 15 23 . 6 Fabricators 4 | . . . . . . . . . 4 . . . Repair Stations 14 | . . . . . 5 3 . . 1 . . 5 Recycling Units 6 | . 2 . . . 2 1 . . 1 . . . Scanalyzers 10 | . . . . . 2 3 . . 5 . . . Garrison Access 6 | . . . . . 4 . . . 2 . . . Terminal Hacks 22 | . 5 . 1 . 5 . . . 3 6 . 2 Record 3 | . 1 . . . . . . . 1 . . 1 Prototype ID Bank 3 | . . . . . 2 . . . . 1 . . Open Door 5 | . . . . . . . . . . 5 . . Branch Access Points 2 | . 1 . . . 1 . . . . . . . Alert Level 4 | . 1 . . . 2 . . . 1 . . . Locate Traps 1 | . 1 . . . . . . . . . . . Transport Status 1 | . 1 . . . . . . . . . . . Recall Investigation 2 | . . . . . . . . . 1 . . 1 Derelict Proto ID Bank 1 | . . . 1 . . . . . . . . . Fabricator Hacks 1 | . . . . . . . . . 1 . . . Load Schematic 1 | . . . . . . . . . 1 . . . Repair Station Hacks 8 | . . . . . 4 2 . . . . . 2 Scan Component 4 | . . . . . 2 1 . . . . . 1 Repair 4 | . . . . . 2 1 . . . . . 1 Recycling Unit Hacks 6 | . 2 . . . 2 1 . . 1 . . . Report Inventory 6 | . 2 . . . 2 1 . . 1 . . . Scanalyzer 8 | . . . . . 2 2 . . 4 . . . Insert Component 4 | . . . . . 1 1 . . 2 . . . Analyze 4 | . . . . . 1 1 . . 2 . . . Garrison Access Hacks 2 | . . . . . 1 . . . 1 . . . Seal Access 2 | . . . . . 1 . . . 1 . . . Unauthorized Hacks . | . . . . . . . . . . . . . Terminals . | . . . . . . . . . . . . . Fabricators . | . . . . . . . . . . . . . Repair Stations . | . . . . . . . . . . . . . Recycling Units . | . . . . . . . . . . . . . Scanalyzers . | . . . . . . . . . . . . . Garrison Access . | . . . . . . . . . . . . . Data Cores Recovered . | . . . . . . . . . . . . . Used . | . . . . . . . . . . . . . Hacking Detections 32 | . 4 . . . 10 3 . . 7 6 . 2 Full Trace Events 5 | . . . . . 2 1 . . 1 1 . . Feedback Events . | . . . . . . . . . . . . . Feedback Blocked . | . . . . . . . . . . . . . Robot Schematics Acquired . | . . . . . . . . . . . . . Robots Built . | . . . . . . . . . . . . . Authchips . | . . . . . . . . . . . . . Time . | . . . . . . . . . . . . . Total Robot Build Rating . | . . . . . . . . . . . . . Part Schematics Acquired 3 | . . . . . 1 1 . . 1 . . . Parts Built . | . . . . . . . . . . . . . Authchips . | . . . . . . . . . . . . . Time . | . . . . . . . . . . . . . Total Part Build Rating . | . . . . . . . . . . . . . Parts Repaired 4 | . . . . . 2 1 . . . . . 1 Time 128 | . . . . . 64 38 . . . . . 26 Parts Recycled . | . . . . . . . . . . . . . Recycled Matter . | . . . . . . . . . . . . . Retrieved Matter . | . . . . . . . . . . . . . Retrieved Components . | . . . . . . . . . . . . . Parts Scanalyzed 3 | . . . . . 1 1 . . 1 . . . Part Schematics Acquired 3 | . . . . . 1 1 . . 1 . . . Parts Damaged . | . . . . . . . . . . . . . Bothacking | -11 -10 -10 -10 -9 -8 -7 -7 -7 -6 -6 -6 -5 ------------ Run | Yrd Mat Min Exi Min Mat Fac Low Low Fac Ext Cet Fac Used RIF Installer . | . . . . . . . . . . . . . Robots Hacked . | . . . . . . . . . . . . . Non-combat . | . . . . . . . . . . . . . Combat . | . . . . . . . . . . . . . Robot Hacks Applied . | . . . . . . . . . . . . . Relay Couplers Released . | . . . . . . . . . . . . . Fabnet Peak Effective % . | . . . . . . . . . . . . . Robots Rewired . | . . . . . . . . . . . . . Allies Hacked . | . . . . . . . . . . . . . Hacks Repelled . | . . . . . . . . . . . . . Allies | -11 -10 -10 -10 -9 -8 -7 -7 -7 -6 -6 -6 -5 -------- Run | Yrd Mat Min Exi Min Mat Fac Low Low Fac Ext Cet Fac Total Allies 9 | . . . . . . 3 . . . 6 . . Largest Group 5 | . . . . . . 3 . . . 5 . . Highest-Rated Group 271 | . . . . . . 93 . . . 271 . . Highest-Rated Ally 159 | . . . . . . 31 . . . 159 . . Total Orders . | . . . . . . . . . . . . . Ally Attacks 92 | . . . . . . 56 . . . 36 . . Total Damage 1703 | . . . . . . 864 . . . 839 . . Kills 8 | . . . . . . 4 . . . 4 . . Allies Corrupted . | . . . . . . . . . . . . . Allies Melted 1 | . . . . . . . . . . 1 . . Intel | -11 -10 -10 -10 -9 -8 -7 -7 -7 -6 -6 -6 -5 ------- Run | Yrd Mat Min Exi Min Mat Fac Low Low Fac Ext Cet Fac Robot Analysis Total . | . . . . . . . . . . . . . Derelict Logs Recovered 2 | . . . . . . . 2 . . . . . Drone Launches . | . . . . . . . . . . . . . Drone Recoveries . | . . . . . . . . . . . . . Exploration | -11 -10 -10 -10 -9 -8 -7 -7 -7 -6 -6 -6 -5 ------------- Run | Yrd Mat Min Exi Min Mat Fac Low Low Fac Ext Cet Fac Turns Passed 9340 | 160 1139 400 477 16 2588 1639 466 69 1305 553 27 501 Spaces Moved 6070 | 81 618 187 239 9 1102 1038 423 68 1046 718 54 487 Core 91 | 5 . . . . . . . . 2 . . 84 Treads 85 | 76 9 . . . . . . . . . . . Legs 18 | . . . . . 18 . . . . . . . Wheels 4024 | . 609 187 239 9 1084 1038 423 68 367 . . . Hover . | . . . . . . . . . . . . . Flight 1852 | . . . . . . . . . 677 718 54 403 Fastest Speed 26 | 50 140 200 200 200 90 90 100 100 50 50 50 26 Average Speed 103 | 153 140 200 200 200 136 98 100 100 68 50 50 59 Slowest Speed 450 | 160 160 200 200 200 330 105 100 100 450 150 50 150 Overloaded Moves 12 | . . . . . . . . . . . . 12 Propulsion Burnouts . | . . . . . . . . . . . . . Robots Hopped 5 | . . . . . . . . . . 4 . 1 Cave-ins Triggered . | . . . . . . . . . . . . . Exploration Rate (%) 36 | 6 81 30 61 10 64 25 54 10 24 66 23 17 Regions Visited 12 Branch Regions 7 Pre-discovered Areas 1 | . . 1 . . . . . . . . . . Known Exits Taken 1 | . 1 . . . . . . . . . . . Unknown Exits Taken 11 | 1 . 1 1 1 1 1 1 1 1 1 1 . Scrap Searched 3 | . . . . . . . 2 1 . . . . Spaces Dug 15 | . . . . . 9 . . . 6 . . . Terrain Destroyed 204 | . . . . . 9 . 89 12 55 1 . 38 Melee 15 | . . . . . 9 . . . 6 . . . Projectile 4 | . . . . . . . . . 2 1 . 1 AOE 185 | . . . . . . . 89 12 47 . . 37 Terrain Rammed . | . . . . . . . . . . . . . Walls Destroyed . | . . . . . . . . . . . . . Machines Disabled . | . . . . . . . . . . . . . Actions | -11 -10 -10 -10 -9 -8 -7 -7 -7 -6 -6 -6 -5 --------- Run | Yrd Mat Min Exi Min Mat Fac Low Low Fac Ext Cet Fac Total 8832 | 101 817 200 239 8 2107 1633 458 68 1571 895 53 682 Wait 2326 | . 136 6 . . 856 554 25 . 439 141 . 169 Move 6049 | 80 617 186 238 8 1101 1037 422 67 1045 710 53 485 Hop 4 | . . . . . . . . . . 3 . 1 Pick Up 47 | 6 10 1 1 . 14 3 1 . 9 . . 2 Fast Attach 49 | 7 . . . . 16 7 . . 10 2 . 7 Attach 22 | . 1 . . . 9 3 . . 5 1 . 3 Detach . | . . . . . . . . . . . . . Swap 29 | . 8 . . . 10 2 1 1 4 2 . 1 Drop 58 | . 2 . . . 34 9 1 . 6 3 . 3 Fire 189 | 8 43 7 . . 55 17 8 . 31 9 . 11 Melee 30 | . . . . . 12 1 . . 17 . . . Ram . | . . . . . . . . . . . . . Kick . | . . . . . . . . . . . . . Crush . | . . . . . . . . . . . . . Escape Stasis 29 | . . . . . . . . . 5 24 . . Rewire . | . . . . . . . . . . . . . Trap . | . . . . . . . . . . . . . Miscellaneous . | . . . . . . . . . . . . . Route ------- -11/Scrapyard -10/Materials (discovered 4 exits: [*Mat x2] / *Min x2) -10/Mines (discovered 2 exits: [*Mat] / *Exi) -10/Exiles -9/Mines -8/Materials -7/Factory -7/Lower Caves -7/Lower Caves -6/Factory -6/Extension (discovered 2 exits: *Fac / [*Cet]) -6/Cetus -5/Factory History --------- Turn | Location | Event 49 | -11/Scrapyard | Discovered new exit (range 14) 161 | -11/Scrapyard | Entered Materials 314 | -10/Materials | Build established: Mutant 318 | -10/Materials | Discovered new exit (range 14) 689 | -10/Materials | Discovered new exit (range 4) 781 | -10/Materials | Discovered new exit (range 15) 1022 | -10/Materials | Discovered new exit (range 12) 1035 | -10/Materials | Identified exit to Mines 1300 | -10/Materials | Entered Mines 1329 | -10/Mines | Discovered new exit (range 10) 1378 | -10/Mines | Received a Rocket Launcher from a helpful Derelict 1473 | -10/Mines | Learned location of Storage (-7) 1692 | -10/Mines | Deemed a non-threat by the Exiles lab entrance 1692 | -10/Mines | Discovered new exit (range 5) 1700 | -10/Mines | Entered Exiles 1750 | -10/Exiles | Met 8R-AWN 1782 | -10/Exiles | Met EX-HEX 1844 | -10/Exiles | Met EX-BIN 1868 | -10/Exiles | Aligned with FarCom system 1870 | -10/Exiles | Given EX-Vault access code 1918 | -10/Exiles | Opened EX-Vault 1934 | -10/Exiles | Found Flying Fortress v7 1979 | -10/Exiles | Warned to stay clear of 0b10 Research branches 2039 | -10/Exiles | Met EX-DEC 2153 | -10/Exiles | Discovered new exit (range 14) 2177 | -10/Exiles | Left Exiles lab with Flying Fortress v7 2177 | -10/Exiles | Entered Mines 2183 | -9/Mines | Discovered new exit (range 6) 2193 | -9/Mines | Entered Materials 2193 | -8/Materials | Evolved 4 slots: Propulsion x2, Utility x2 3049 | -8/Materials | Build established: Assassin 3257 | -8/Materials | Lost 3 parts (1p1n1u) 3510 | -8/Materials | Build established: Mutant 3892 | -8/Materials | Repaired Com. Wheel 3913 | -8/Materials | Build established: Assassin 3997 | -8/Materials | Discovered new exit (range 16) 4355 | -8/Materials | Repaired Hvy. Flail 4781 | -8/Materials | Entered Factory 4781 | -7/Factory | Evolved 2 slots: Power x1, Utility x1 5634 | -7/Factory | Allied Derelicts emerged from ambush trap array 6058 | -7/Factory | Repaired Imp. Terrain Scanner 6064 | -7/Factory | P-60 Hacker assimilated allied C6-O5Y(g) 6407 | -7/Factory | Discovered new exit (range 6) 6420 | -7/Factory | Entered Lower Caves 6435 | -7/Lower Caves | Spotted B-75 Beast 6532 | -7/Lower Caves | Learned Factory emergency access door positions 6639 | -7/Lower Caves | Learned Factory emergency access door positions 6721 | -7/Lower Caves | Build established: Mutant 6851 | -7/Lower Caves | Discovered new exit (range 14) 6886 | -7/Lower Caves | Entered another Lower Caves area 6949 | -7/Lower Caves | Discovered new exit (range 7) 6955 | -7/Lower Caves | Entered Factory 6955 | -6/Factory | Evolved 2 slots: Utility x2 7220 | -6/Factory | Spotted B-75 Beast 7308 | -6/Factory | Lost 3 parts (1p1u1w) 7455 | -6/Factory | Lost 3 parts (2u1w) 8137 | -6/Factory | Discovered new exit (range 13) 8260 | -6/Factory | Entered Extension 8319 | -6/Extension | Rescued a captive Derelict 8375 | -6/Extension | Build established: Hacker-Scout 8445 | -6/Extension | Spotted B-75 Beast 8544 | -6/Extension | Rescued A7 8649 | -6/Extension | Rescued a captive Derelict 8665 | -6/Extension | Rescued a captive Derelict 8726 | -6/Extension | Rescued a captive Derelict 8727 | -6/Extension | Rescued a captive Derelict 8748 | -6/Extension | Spotted B-75 Beast 8791 | -6/Extension | Lost 5 allies 8798 | -6/Extension | Discovered new exit (range 16) 8799 | -6/Extension | Discovered new exit (range 15) 8813 | -6/Extension | Entered Cetus 8821 | -6/Cetus | Spotted Cetus Guard 8821 | -6/Cetus | Spotted Cetus Guard 8821 | -6/Cetus | Spotted Cetus Guard 8833 | -6/Cetus | Discovered new exit (range 15) 8840 | -6/Cetus | Entered Factory 8840 | -5/Factory | Evolved 2 slots: Utility x2 8894 | -5/Factory | Repaired Sml. Storage Unit 9041 | -5/Factory | Build established: Hacker-Mutant 9299 | -5/Factory | Released all parts (10) 9300 | -5/Factory | Core integrity fell below 50% 9304 | -5/Factory | Lost 5 parts (2p1n1u1w) 9306 | -5/Factory | System corruption reached 10% 9308 | -5/Factory | Spotted B-75 Beast 9319 | -5/Factory | Core integrity fell below 20% 9341 | -5/Factory | Destroyed by P-70 Sage with High-powered Shock Rifle Last Messages --------------- Released Com. Ion Cannon. Released Adv. Terrain Scan Processor. Released System Shield. Released Imp. Cooling System. Released Sml. Storage Unit. Released Cld. VTOL Module. Slug penetrates Wall. W-25 Informer sends out distress signal. K-01 Serf collects debris. Slug penetrates Wall. P-70 Sage resets P-70 Sage, system corruption cleaned. K-01 Serf collects debris. Terminal disabled. Subcomponent Replicator disabled. K-01 Serf collects debris. Subcomponent Replicator disabled. System corrupted: Substantial component data lost. K-01 Serf collects debris. Subcomponent Replicator disabled. System corrupted: Heat flow error (+177). Map ----- +----------------------------------------------------+ | ] #?????? !! ????????????????????????? | | #?????? !! ???????????????????????? | | #?????? ! ??????????????????????? | | #?????# ??????????????????????? | | ##+#+###########" ?????????????????????? | | ## ?????????????????????? | | # ?????????????????????? | | # ????????????????????? | | " BB #?????????????????????? | | " BB #?#????##?????????????? | | #? ?? ?????????????? | | " " ## "?"" "?????????????? | | "" "" # "? " "?????????????? | | "" """ # ""????????????? | | """ """ + """???????????? | | """ """ # ?#????????? | | # """" """" +????????? | | "" "" # """" """" #????????? | | " "" " """" """" +????????? | | " """ """ # """" """" #????????? | | " """ """ # #????????? | | # """ """ / #????????? | | ## " " " " h # ! #????????? | | ?# " " " " #######/#####????????? | | ?? " " " " ##########+####?????# #????????????? | | ?? ? " " " ????# s @! #?????# #????????????? | | ?? ? " " " ????#ssp p ####### #????????????? | | ??????" " " ????# """ """ + #????????????? | | ??????? " " ????# """ """ #########????????????? | | ??????? " " ????# """s""" #????????????????????? | | ??????? " " ?????# #????????????????????? | | ???????? ?????# s #????????????????????? | | ??????? ? " ??????# #????????????????????? | | ??????????? ??????###########????????????????????? | | ?????????????????????????????????????????????????? | | ????? ???????????????????????????????????????????? | | ????" ???????????????????????????????????????????? | | ??? " "??????????????????????????????????????????? | | ?? " "??????????????????????????????????????????? | | ## " " ?????????????????????????????????????????? | | " " " ???????????????????????????????????????? | | ???????????????????????????????????????? | | ??????????????????????????????????????? | | ] ??????????????????????????????????????? | | ??????????????????????????????????????? | | #####????????????????????????????????????????????? | | #????????????????????????????????????????????? | | #????????????????????????????????????????????? | | """ #????????????????????????????????????????????? | | #????????????????????????????????????????????? | +----------------------------------------------------+ Best States ------------- Heat Dissipation 88 Energy Generation 31 Energy Capacity 950 Matter Stores 300 Matter Capacity 300 Sight Range 16 Robot Scan Range 16 Terrain Scan Range 16 Terrain Scan Density 210 ECM Strength 1 Armor Coverage 225 Resistance: EM 15 Core Shielding 30 Evasion (%) 60 Recoil Reduction 2 Offensive Hacking 10 Defensive Hacking 22 Item Schematics ----------------- Chainsword | -8/Materials | Scanalyzed System Shield | -7/Factory | Scanalyzed Hvy. Rocket Launcher | -6/Factory | Scanalyzed Robot Schematics ------------------ None Fabricated ------------ Nothing Alien Tech Used ----------------- None Achievements -------------- Maybe Next Time I'll Detach My Launcher Prison Break The More The Merrier Challenges ------------ None Game ------ Seed RainbowHelicalMultitool Manual? 0 Play Time 01:41:43 Cumulative 20.7 hours Start 2024.05.03 @ 10:54:28 End 2024.05.03 @ 13:01:04 Sessions 3 Manual Loads 0 Difficulty Rogue Special Mode None Game No. 44 Rogue 44 Adventurer 0 Explorer 0 Win Type - Total 0 Types 0/0/0/0/0/0/0/0/0 Lore% 16 Gallery% 19 Achievement% 17 Wizard Run 0 Options --------- Layout 1 ASCII 0 Keyboard 0 Movement Mouse Keybinds 0 Fullscreen 0 Font 42/SmallcapsGlow Map View 59x39 Zoom Use 0% Tactical HUD 0 Map Filters NONE Filters NONE Steam 1 RUN: 4c93addf-b416-465d-97d9-1a9d17ee2050